Description

This build is taken from and described in further detail here: https://sc2swarm.com/index.php/2019/01/21/the-abc-build/

You follow a normal hatch first opening, and build a roach warren and extractor at 3:40. Drone to 38 drones, and then build 2-4 overlords. Once the roach warren finishes, build 10 or so roaches. Continue to only build roaches and lings and attack across the map. As the attack commences, you may choose to go back to droning or to continue to build units.

VOD

https://www.youtube.com/watch?v=74bpmLtC-OM

Build Order

Get SALT Encoding   

  12  0:00  Drone  
  13  0:14  Overlord  
  13  0:17  Drone  
  14  0:31  Drone x2  
  16  0:35  Drone  
  17  0:54  Hatchery  
  16  0:57  Drone x2  
  18  1:11  Extractor  
  17  1:16  Spawning Pool  
  16  1:19  Drone x3  
  19  1:40  Drone  
  20  1:51  Overlord  
  20  2:02  Queen x2  
  24  2:03  Zergling x4  
  26  2:15  Metabolic Boost  
  26  2:18  Drone x4  
  30  2:40  Hatchery  
  29  2:45  Queen  
  31  2:50  Overlord  
  39  3:16  Overlord  
  43  3:40  Extractor, Roach Warren  
  41  3:43  Zergling x8  
  52  4:00  Overlord x2  
  52  4:20  Roach x8  
  68  4:40  Roach x4  
  76  5:02  Zergling x17  
Spawning Tool Build Advisor. Get it on Overwolf

Go to:

Details

  • Created by: LimeHero
  • Published on: Jun 07, 2020
  • Modified on: Jun 07, 2020
  • Patch: 4.11.0
  • Difficulty: Medium
Show
View Real Time Build Order
Export as new Build Order

Comments (0)

There are no comments. Be the first!

Create an account to comment!